 Dungeon Crawl Stone Soup version 0.18.1-50-g88ac8fd (webtiles) character file.

6038 ololoev the Thaumaturge (level 10, -6/50 HPs)
             Began as a Deep Elf Earth Elementalist on Nov 29, 2016.
             Was a Believer of Vehumet.
             Killed from afar by a manticore (20 damage)
             ... with a volley of spikes
             ... on level 11 of the Dungeon.
             The game lasted 00:40:08 (2893 turns).

ololoev the Thaumaturge (DEEE)                      Turns: 2893, Time: 00:40:10

Health: -6/50      AC:  7    Str:  5    XL:     10   Next: 56%
Magic:  15/28      EV: 12    Int: 24    God:    Vehumet [**....]
Gold:   588        SH:  0    Dex: 15    Spells: 6 memorised, 13 levels left

rFire  . . .     SeeInvis .     b - 23 stones
rCold  . . .     Gourm    .     E - troll hide
rNeg   . . .     Faith    .     (no shield)
rPois  .         Spirit   .     (no helmet)
rElec  .         Dismiss  .     (no cloak)
rCorr  +         Reflect  .     s - +0 pair of gloves
SustAt .         Harm     .     (no boots)
MR     +....                    (no amulet)
Stlth  ++........               o - +4 ring of protection
                                u - ring of resist corrosion

@: manticore barbs, very slightly contaminated, hasted, very quick, somewhat
resistant to hostile enchantments, unstealthy
A: no striking features
a: Renounce Religion

Inventory:

Hand Weapons
 a - a +0 dagger of venom
Missiles
 b - 23 stones (in hand)
 y - 3 throwing nets
Armour
 s - a +0 pair of gloves (worn)
 E - a troll hide (worn)
Jewellery
 o - a +4 ring of protection (right hand)
 u - a ring of resist corrosion (left hand)
Wands
 A - a wand of iceblast (0/15)
 C - a wand of flame (4/48)
 F - a wand of acid (0/15)
Scrolls
 e - 3 scrolls of remove curse
 f - 3 scrolls of amnesia {unknown}
 k - a scroll of teleportation {unknown}
 m - 4 scrolls of noise {unknown}
 q - a scroll of enchant armour {unknown}
 z - a scroll of enchant weapon {unknown}
 G - a scroll of fog {unknown}
Potions
 g - 2 potions of flight
 j - a potion of magic {unknown}
 l - a potion of agility {unknown}
 n - a potion of might
 t - a potion of resistance {unknown}
 D - 2 potions of ambrosia {unknown}
Books
 c - a book of Geomancy

   Spells                             Type                      Level
   a - Sandblast                      Earth                        1
   b - Passwall                       Transmutation/Earth          2
   c - Stone Arrow                    Conjuration/Earth            3
   d - Petrify                        Transmutation/Earth          4
   e - Lee's Rapid Deconstruction     Earth                        5
Comestibles
 d - 6 bread rations
 r - a beef jerky
 w - 4 meat rations
 x - a royal jelly
 B - 24 fruits


   Skills:
 - Level 2.3 Armour
 - Level 2.4 Dodging
 - Level 2.4 Stealth
 + Level 12.6 Spellcasting
 * Level 8.3 Conjurations
 - Level 1.1 Transmutations
 * Level 6.7 Fire Magic
 - Level 8.8 Earth Magic


You had 13 spell levels left.
You knew the following spells:

 Your Spells              Type           Power        Failure   Level  Hunger
a - Sandblast             Erth           ######       1%          1    None
b - Stone Arrow           Conj/Erth      ######       1%          3    None
c - Lee's Rapid Deconstr  Erth           ######....   8%          5    ###....
d - Bolt of Fire          Conj/Fire      ######....   50%         6    #####..
e - Petrify               Trmt/Erth      #####...     10%         4    None
w - Passwall              Trmt/Erth      #####.....   1%          2    None


You were on level 11 of the Dungeon.
You worshipped Vehumet.
Vehumet was pleased with you.
You were not hungry.

You visited 1 branch of the dungeon, and saw 11 of its levels.

You collected 588 gold pieces.

...............###......
.........................
........Z.§≈≈.............
........§§≈≈≈.............
..........≈≈≈.............
..≈§≈)....H†....).........
..≈≈≈.....................
..§≈§...z)............<...
.........@....%......)..##
........)......≈≈≈....####
........<......≈≈≈...)#
...............≈≈≈)..%#
.......................
.§≈≈≈............%......
..≈≈≈....[...............
..≈≈≈......§.%............
..........≈§§§$...........

Notes
Turn   | Place    | Note
--------------------------------------------------------------
     0 | D:1      | ololoev the Deep Elf Earth Elementalist began the quest for the Orb.
     0 | D:1      | Reached XP level 1. HP: 10/10 MP: 6/6
   107 | D:2      | Reached XP level 2. HP: 9/15 MP: 2/8
   247 | D:3      | Reached skill level 4 in Spellcasting
   248 | D:3      | Reached XP level 3. HP: 19/19 MP: 6/10
   313 | D:3      | Iwannabefree: laliev
   313 | D:3      | ololoev: hi befree
   313 | D:3      | Iwannabefree: >befree
   313 | D:3      | Iwannabefree: napominaet kakuiu to reklamu prokladok
   313 | D:3      | ololoev: не, там carefree
   313 | D:3      | Iwannabefree: da
   313 | D:3      | ololoev: но вообще befree это женская одежда
   313 | D:3      | Iwannabefree: кстати
   313 | D:3      | ololoev: https://www.befree.ru/
   313 | D:3      | ololoev: так что осрян если обидно ыло
   313 | D:3      | Iwannabefree: дропнул ксома на д6
   313 | D:3      | ololoev: и правильно сделал
   313 | D:3      | Iwannabefree: и нихуя
   313 | D:3      | Iwannabefree: вообще не опасно
   313 | D:3      | Iwannabefree: он мне даже колечко прота подарил
   313 | D:3      | Iwannabefree: во время гнева
   313 | D:3      | Iwannabefree: в чем сложность то
   313 | D:3      | ololoev: не ну может на 1м турне сложно
   313 | D:3      | ololoev: потому что можно фболл получить на 25 дамага
   313 | D:3      | ololoev: и все
   313 | D:3      | Iwannabefree: так если посмотреть какой-нибудь хуевый бек типо монка будет сложнее
   313 | D:3      | Iwannabefree: чем цк
   313 | D:3      | Iwannabefree: у цк хороший ирли
   313 | D:3      | ololoev: у цк как повезет
   313 | D:3      | Iwannabefree: за счет бренда и +2 брони
   313 | D:3      | Iwannabefree: но чуть больше рандома, да
   313 | D:3      | ololoev: может и импов призвать против тебя
   313 | D:3      | Iwannabefree: засуммонил два болл лайтнинга на д3
   313 | D:3      | Iwannabefree: я охуел
   313 | D:3      | Iwannabefree: бтв, зина не такая уж и плохая
   313 | D:3      | Iwannabefree: иммун к поизону и роту
   313 | D:3      | Iwannabefree: импризон
   313 | D:3      | Iwannabefree: и санкчури
   313 | D:3      | Iwannabefree: топовые штуки
   581 | D:4      | Reached XP level 4. HP: 24/24 MP: 8/12
   591 | D:4      | Learned a level 3 spell: Stone Arrow
   592 | D:5      | Entered Level 5 of the Dungeon
   659 | D:5      | Noticed Edmund
   668 | D:5      | jacquesderrida: aiiiiii laliev
   671 | D:5      | ololoev: hijack
   698 | D:5      | jacquesderrida: gello
   701 | D:5      | jacquesderrida: it me
   707 | D:5      | jacquesderrida: jeq
   745 | D:4      | Iwannabefree: heil
   814 | D:3      | Iwannabefree: >d3
   824 | D:3      | Iwannabefree: >800
   835 | D:3      | Iwannabefree: Q+yes
   835 | D:3      | ololoev: medlenno
   835 | D:3      | Iwannabefree: oche
   835 | D:3      | ololoev: edmund s protektom
   835 | D:3      | ololoev: pedik
   946 | D:6      | jacquesderrida: Eeee
   946 | D:6      | ololoev: na samom dele posmotru kak veh naidetsya
   965 | D:6      | Reached skill level 5 in Spellcasting
   965 | D:6      | Reached skill level 1 in Conjurations
   993 | D:6      | Noticed an ogre
  1000 | D:6      | Killed an ogre
  1000 | D:6      | Reached XP level 5. HP: 16/28 MP: 6/15
  1005 | D:6      | Reached skill level 5 in Earth Magic
  1070 | D:5      | Reached skill level 6 in Spellcasting
  1122 | D:5      | Noticed an ogre
  1127 | D:5      | Killed an ogre
  1127 | D:5      | Reached XP level 6. HP: 31/32 MP: 10/17
  1178 | D:6      | jacquesderrida: zamachil
  1195 | D:6      | jacquesderrida: laliev prirozhdenny ubiyca
  1201 | D:6      | jacquesderrida: Eeeeek
  1203 | D:6      | Reached skill level 7 in Spellcasting
  1207 | D:6      | jacquesderrida: schas bombanoot
  1207 | D:6      | Reached XP level 7. HP: 3/36 MP: 0/19
  1216 | D:6      | Iwannabefree: zastrelil vseh
  1218 | D:6      | Iwannabefree: ??sandblasy
  1223 | D:6      | Iwannabefree: ??sandblast
  1224 | D:6      | jacquesderrida: Da
  1226 | D:6      | Iwannabefree: ??ee
  1226 | D:6      | jacquesderrida: Send
  1226 | D:6      | Iwannabefree: SUKA PROSIPAISA
  1226 | D:6      | jacquesderrida: Blaste
  1226 | D:6      | Iwannabefree: ??beem
  1226 | D:6      | ololoev: ??sandblast
  1226 | D:6      | beem: sandblast[1/1]: Wield stones (sling bullets don't count) to do more damage and increase range from 2 to 3 with this spell. Sandblast with stones maxes out at 2d20 damage, although damage reduction from enemy AC is applied three times instead of once. Og and Tr can use large rocks, with damage maxing out at 3d20. To-hit: 13+power/10 with ammo, 8+power/5 otherwise.
  1238 | D:6      | Iwannabefree: 3d20
  1239 | D:6      | Iwannabefree: nebloho
  1239 | D:6      | ololoev: 3d20 s big kamnyami
  1239 | D:6      | jacquesderrida: Shotgan
  1239 | D:6      | Iwannabefree: da
  1239 | D:6      | ololoev: no 2d20 toje neploxo
  1240 | D:6      | Iwannabefree: tree ebash speedrun
  1245 | D:6      | jacquesderrida: ADLER
  1245 | D:6      | ololoev: ya ne mazochist
  1245 | D:6      | ololoev: ppc tormozit chet
  1245 | D:6      | jacquesderrida: derevtse spedran
  1253 | D:6      | Identified the Volume of the Toxic Oath
  1259 | D:6      | Learned a level 2 spell: Passwall
  1317 | D:7      | Noticed a hippogriff
  1327 | D:7      | Killed a hippogriff
  1338 | D:7      | Reached skill level 8 in Spellcasting
  1409 | D:7      | HP: 1/36 [centaur/arrow (9)]
  1416 | D:7      | Iwannabefree: ti che
  1418 | D:7      | Iwannabefree: troll strongest race
  1419 | D:7      | Iwannabefree: statuiu k elfam
  1419 | D:7      | ololoev: no vpered
  1419 | D:7      | Iwannabefree: budesh !!!!! s kulaka
  1419 | D:7      | ololoev: *nu
  1420 | D:7      | Noticed Duvessa
  1421 | D:7      | Iwannabefree: ya ne igraiu na tr
  1431 | D:7      | Killed Duvessa
  1431 | D:7      | Reached skill level 9 in Spellcasting
  1431 | D:7      | Reached XP level 8. HP: 4/41 MP: 3/23
  1437 | D:7      | Iwannabefree: sha vilezet duwang
  1439 | D:7      | Iwannabefree: zastrelit
  1443 | D:7      | ololoev: pofig
  1443 | D:7      | ololoev: 1.5k
  1443 | D:7      | ololoev: no veh
  1444 | D:7      | Noticed Dowan
  1446 | D:7      | Killed Dowan
  1452 | D:7      | Found a radiant altar of Vehumet.
  1454 | D:7      | ololoev: o, veh!
  1461 | D:7      | Noticed Pikel
  1462 | D:7      | Became a worshipper of Vehumet
  1506 | D:7      | Killed Pikel
  1506 | D:7      | Reached skill level 10 in Spellcasting
  1506 | D:7      | Reached skill level 5 in Conjurations
  1612 | D:8      | Learned a level 5 spell: Lee's Rapid Deconstruction
  1749 | D:8      | Reached skill level 11 in Spellcasting
  1763 | D:8      | Reached XP level 9. HP: 38/45 MP: 12/26
  1790 | D:8      | Reached * piety under Vehumet
  1790 | D:8      | Offered knowledge of Magic Dart by Vehumet.
  1856 | D:9      | Learned a level 4 spell: Petrify
  1952 | D:9      | Noticed a troll
  1956 | D:9      | Killed a troll
  1956 | D:9      | Reached skill level 12 in Spellcasting
  2007 | D:9      | Learned a level 6 spell: Bolt of Fire
  2028 | D:9      | Found an opulent altar of Gozag.
  2089 | D:9      | Reached skill level 1 in Fire Magic
  2191 | D:9      | Noticed a troll
  2210 | D:9      | Killed a troll
  2320 | D:10     | Entered Level 10 of the Dungeon
  2322 | D:10     | Iwannabefree: trova
  2348 | D:10     | Noticed a troll
  2356 | D:10     | Killed a troll
  2366 | D:10     | Reached XP level 10. HP: 50/50 MP: 9/28
  2394 | D:10     | jacquesderrida: trova u doma
  2402 | D:10     | Reached skill level 1 in Armour
  2402 | D:10     | Reached skill level 5 in Fire Magic
  2412 | D:10     | jacquesderrida: potrebuet paeti
  2418 | D:10     | jacquesderrida: infa 50%
  2423 | D:10     | Iwannabefree: potrebuet 5 akvarov
  2425 | D:10     | Iwannabefree: ili 6 blinkov
  2427 | D:10     | jacquesderrida: 6 blankov
  2429 | D:10     | jacquesderrida: iz paspartnogo stola
  2433 | D:10     | jacquesderrida: iz pasportnogo stola
  2477 | D:10     | Found a portal to a secret trove of treasure.
  2487 | D:10     | Iwannabefree: kek
  2487 | D:10     | jacquesderrida: Eeeeeeeeeeeeeeeeeeeeeeee
  2487 | D:10     | ololoev: herovo
  2497 | D:10     | jacquesderrida: Куренги все равно не нужны...
  2501 | D:10     | jacquesderrida: Конунги
  2501 | D:10     | ololoev: vot tolko ih 2
  2501 | D:10     | ololoev: a nado 17
  2502 | D:10     | Iwannabefree: tolko esli ti mu
  2527 | D:10     | jacquesderrida: Му?
  2529 | D:10     | Iwannabefree: pochemu mu takiye slabiye
  2529 | D:10     | jacquesderrida: Правильно, корова!
  2529 | D:10     | Iwannabefree: mne v trede govorili
  2529 | D:10     | jacquesderrida: Пейте, дети, молоко!
  2531 | D:10     | jacquesderrida: Будете здоровы!
  2531 | D:10     | Iwannabefree: shto apti ne reshaiut
  2543 | D:11     | Iwannabefree: a tut ebut v early dungeone
  2548 | D:11     | Iwannabefree: pizdos
  2556 | D:11     | jacquesderrida: ВЕВЕРНА
  2556 | D:11     | jacquesderrida: Schavyebet
  2556 | D:11     | ololoev: da izi
  2565 | D:11     | Noticed a gargoyle
  2565 | D:11     | Killed a gargoyle
  2568 | D:11     | jacquesderrida: Edrit
  2569 | D:11     | Iwannabefree: ??lrd
  2570 | D:11     | jacquesderrida: zamachil
  2573 | D:11     | Iwannabefree: SUKA BEM
  2573 | D:11     | Iwannabefree: ??lrd
  2573 | D:11     | ololoev: ahahaha
  2573 | D:11     | jacquesderrida: YOU'VE BEEN BENNED
  2574 | D:11     | Noticed a manticore
  2575 | D:11     | jacquesderrida: ??beem
  2578 | D:11     | Iwannabefree: ??pidor
  2583 | D:10     | jacquesderrida: Ne pomnyu, kak vklyuchit
  2583 | D:10     | ololoev: ??lrd
  2583 | D:10     | beem: lrd[1/5]: Lee's Rapid Deconstruction: Turns walls into explosions. Useful for removing inconvenient stone or green crystal walls, though one needs fairly high power to pierce stone, and even higher to pierce metal (see {lrd[4]}). Causes lots of undodgeable damage to anything foolish enough to be near the wall (but AC is applied thrice).
  2583 | D:10     | jacquesderrida: ne technowizord
  2743 | D:11     | Noticed a gargoyle
  2767 | D:11     | Killed a gargoyle
  2783 | D:11     | Reached ** piety under Vehumet
  2783 | D:11     | Offered knowledge of Throw Flame by Vehumet.
  2890 | D:11     | Iwannabefree: кшз
  2891 | D:11     | Iwannabefree: rip
  2893 | D:11     | Killed from afar by a manticore

Dungeon Overview and Level Annotations

Branches:
Dungeon (11/15)
 Temple: D:4-7         Lair: D:8-11         Orc: D:9-12

Altars:
Gozag
Vehumet

Portals:
Trove: D:10 (give 17 potions of curing)

Annotations:
D:4 Edmund


Message History

Zapping:
A - a wand of iceblast (will waste charges)
Press: ? - help, Shift-Dir - straight line The mass of ice explodes!
The iceblast engulfs something.
Evoking this partially-identified wand wasted a few charges.
Evoke which item? (* to show all) (? for menu, Esc to quit)
Zapping:
A - a wand of iceblast {zapped: 2} (will waste charges)
Press: ? - help, Shift-Dir - straight line The mass of ice explodes!
The iceblast engulfs something.
Evoking this partially-identified wand wasted a few charges.
Evoke which item? (* to show all) (? for menu, Esc to quit)
Zapping:
A - a wand of iceblast {zapped: 5} (will waste charges)
Press: ? - help, Shift-Dir - straight line The mass of ice explodes!
The iceblast engulfs something.
Vehumet accepts your kill.
Reactivating autopickup.
You feel a bit more experienced.
Evoking this partially-identified wand wasted a few charges.
A wight comes into view.
It is wielding an enchanted morningstar. 2 wights come into view.
You see here 27 stones.
b - 27 stones The manticore flicks its tail.
The volley of spikes hits you!
The barbed spikes become lodged in your body.
Casting: Stone Arrow
Confirm with . or Enter, or press ? or * to list all spells.
Okay, then.
Drink which item? (? for menu, Esc to quit)
You feel yourself speed up.
The manticore flicks its tail.
The volley of spikes hits you!
The barbed spikes become lodged in your body.
You are very lightly contaminated with residual magic.
Drink which item? (? for menu, Esc to quit)
You feel better.
Wield which item (- for none, * to show all)? (? for menu, Esc to quit)
b - 27 stones (in hand)
The manticore flicks its tail.
The volley of spikes hits you!
The barbed spikes become lodged in your body.
Drink which item? (? for menu, Esc to quit)
You feel better.
Casting: Stone Arrow
Confirm with . or Enter, or press ? or * to list all spells.
Aiming: Sandblast
Press: ? - help, Shift-Dir - straight line, f - wight
Aim: a wight, wielding a morningstar and wearing a robe The rocky blast hits the wight.
The wight is moderately damaged.
Casting: Sandblast
Confirm with . or Enter, or press ? or * to list all spells.
Aiming: Sandblast
Press: ? - help, Shift-Dir - straight line, f/p - wight
Aim: a wight, wielding a morningstar and wearing a robe (moderately damaged)
The rocky blast hits the wight.
You destroy the wight!
Vehumet accepts your kill.
A giant frog zombie comes into view.
Casting: Sandblast
Confirm with . or Enter, or press ? or * to list all spells.
Aiming: Sandblast
Press: ? - help, Shift-Dir - straight line, f - manticore
Aim: a manticore The rocky blast hits the manticore.
The manticore is heavily wounded.
The manticore flicks its tail.
The volley of spikes hits you!
The barbed spikes become lodged in your body.
Casting: Sandblast
Confirm with . or Enter, or press ? or * to list all spells.
Aiming: Sandblast
Press: ? - help, Shift-Dir - straight line, f/p - manticore
Aim: a manticore (heavily wounded)
The rocky blast hits the wight.
You destroy the wight!
Vehumet accepts your kill.
The manticore flicks its tail.
The volley of spikes hits you!
The barbed spikes become lodged in your body.
You die...

You could see a manticore, a wight and a giant frog zombie.

Vanquished Creatures
  Pikel (D:7)
  2 gargoyles (D:11)
  4 trolls
  3 yaks (D:10)
  A hippogriff (D:7)
  A wyvern (D:11)
  Duvessa (D:7)
  4 orc warriors
  3 sky beasts (D:11)
  A black bear (D:9)
  2 slaves (D:7)
  A phantom (D:8)
  7 ogres
  A centaur (D:7)
  A big kobold (D:9)
  2 gnoll sergeants
  4 giant frogs
  Dowan (D:7)
  2 scorpions (D:9)
  6 wights
  4 crimson imps
  A giant frog zombie (D:7)
  2 giant frog skeletons
  3 hounds
  A jelly (D:11)
  A gnoll shaman (D:7)
  8 orc priests
  3 worker ants
  7 orc wizards
  A hound skeleton (D:6)
  5 gnolls
  3 adders
  An adder skeleton (D:9)
  2 dart slugs
  4 giant geckos
  17 orcs
  5 giant cockroaches
  3 goblins
  4 hobgoblins
  2 jackals (D:3)
  2 kobolds
  A quokka (D:10)
  2 ball pythons
  3 bats
  6 giant newts
  7 rats
146 creatures vanquished.

Vanquished Creatures (others)
  A slave (D:7)
  A gnoll (D:7)
2 creatures vanquished.

Grand Total: 148 creatures vanquished

Action                   |  1- 3 |  4- 6 |  7- 9 | 10-12 || total
-------------------------+-------+-------+-------+-------++-------
Throw: Throwing net      |       |       |     2 |       ||     2
       Stone             |       |       |     1 |       ||     1
 Cast: Sandblast         |    41 |    45 |    98 |    33 ||   217
       Stone Arrow       |       |     4 |     9 |     8 ||    21
       Lee's Rapid Decon |       |       |    12 |    10 ||    22
       Passwall          |       |       |     1 |       ||     1
       Petrify           |       |       |       |     2 ||     2
Evoke: Wand              |       |     6 |     3 |    16 ||    25
  Use: Scroll            |       |       |     5 |     1 ||     6
       Potion            |       |       |     2 |     3 ||     5
  Eat: Chunk             |       |       |     6 |     3 ||     9
Armor: Robe              |     2 |     2 |     2 |       ||     6
       Troll hide        |       |       |       |     6 ||     6
Dodge: Dodged            |     5 |    11 |    12 |     9 ||    37

Vault maps used:
D:1:      eino_arrival_cavern_d
D:2:      nicolae_qazlal_eye_of_the_storm, nemelex_xobeh_ov_fountains_minmay
D:3:      first_bread, serial_park_tiny_pond
D:5:      uniq_crazy_yiuf_cottage, uniq_edmund
D:6:      uniq_menkaure
D:7:      temple_hall, vehumet_altar_wand_db, uniq_pikel, uniq_duvessa
D:8:      erik_lair_dragon, uniq_joseph
D:9:      blue_anna_alchemist, grunt_gozag_breadcrumbs
D:10:     enter_trove_6
